AoeStats
← GOLDFISH

Arabia

509003737Analyzed
3v3 RM · 9d ago on Sep 25, 2026· 22m 27s· 6 players
Game mode
Random Map
Map size
Normal (6 player)
Population
200
Speed
Normal
Resources
Standard
Victory
Conquest
Starting age
Dark Age
Ending age
Imperial Age
RankedLock teamsTeams togetherTeam positionsShared explorationLock speedFull tech treeHidden civsTurbo modeCheats
Victory
Defeat
🇸🇬 Spanish · Singapore
1037
+14
🇹🇼 Burgundians · Taiwan
1018
+15
🇲🇽 Spanish · Mexico
975
+15
🇨🇱 Mongols · Chile
1000
-45
🇦🇷 Franks · Argentina
1000
-45
🇦🇷 Celts · Argentina
957
-14
JAGR | ATRI
10:44 Feudal Age
11:02 Loom
15:24 Castle Age
13:42 Horse Collar
16:57 Double-Bit Axe
shinezn
2:01 Loom
2:14 Loom
9:03 Double-Bit Axe
11:25 Feudal Age
9:43 Horse Collar
15:51 Forging
20:38 Castle Age
19:11 Bow Saw
20:37 Scale Barding Armor
20:44 Heavy Plow
21:33 Husbandry
realtrading
5:36 Loom
11:54 Feudal Age
13:31 Wheelbarrow
16:40 Castle Age
15:00 Double-Bit Axe
14:59 Horse Collar
15:24 Padded Archer Armor
16:21 Fletching
18:30 Bow Saw
18:14 Gold Mining
18:50 Leather Archer Armor
GOLDFISH
8:21 Loom
15:26 Feudal Age
18:28 Double-Bit Axe
18:42 Horse Collar
EL AK SIEMPRE AL 10
6:54 Loom
11:53 Feudal Age
12:45 Double-Bit Axe
18:58 Gold Mining
22:41 Castle Age
jfjfjjfjf
Connection lost

Rejoining the realm…

Still unreachable

The connection could not be restored.

Session expired

The server has moved on; the page needs a fresh start.